 Dungeon Crawl Stone Soup version 0.23.2-11-gf996548c65 (webtiles) character file.

Game seed: 14035298802901776002

227 MalarOregon the Grave Robber (level 6, -3/50 HPs)
             Began as a Ghoul Necromancer on June 5, 2019.
             Was a Follower of Makhleb.
             Slain by a hound (6 damage)
             ... on level 3 of the Dungeon.
             The game lasted 00:12:52 (3624 turns).

MalarOregon the Grave Robber (Ghoul Necromancer)    Turns: 3624, Time: 00:12:53

Health: -3/50      AC:  4    Str:  9 (12) XL:     6   Next: 2%
Magic:  4/8        EV: 12    Int: 12 (14) God:    Makhleb [*.....]
Gold:   259        SH:  0    Dex:  6 (10) Spells: 2/9 levels left

rFire    . . .     SeeInvis .     - Unarmed
rCold    + . .     Gourm    .   (no shield)
rNeg     + + +     Faith    .   a - +0 robe
rPois    ∞         Spirit   .   (no helmet)
rElec    .         Reflect  .   i - +1 cloak
rCorr    .         Harm     .   (no gloves)
MR       .....                  (no boots)
Stlth    ++........             (no amulet)
HPRegen  0.00/turn              b - +3 ring of intelligence
MPRegen  0.11/turn              (no ring)

@: flying, rotting, hasted, very quick
A: rotting body, claws 1, carnivore, cold resistance 1, negative energy
resistance 3, inhibited regeneration, torment resistance, unbreathing
a: Renounce Religion


You were on level 3 of the Dungeon.
You worshipped Makhleb.
Makhleb was aware of your devotion.
You were not hungry.

You visited 1 branch of the dungeon, and saw 4 of its levels.
You also visited: Sewer.

You collected 259 gold pieces.

Inventory:

Armour
 a - a +0 robe (worn)
 i - a +1 cloak (worn)
   (You found it on level 1 of the Dungeon)
Jewellery
 b - a +3 ring of intelligence (left claw)
   (You found it in a sewer)
Scrolls
 g - a scroll of enchant armour {unknown}
 h - a scroll of magic mapping {unknown}
 k - 4 scrolls of remove curse {@r2}
 n - a scroll of blinking {unknown}
 o - a scroll of teleportation {@r4}
Potions
 l - a potion of heal wounds {unknown}
Comestibles
 e - 10 rations {!d}


   Skills:
 + Level 2.4 Fighting
 + Level 2.9 Dodging
 + Level 3.6 Stealth
 * Level 3.6 Unarmed Combat
 - Level 2.0 Spellcasting
 - Level 4.0 Necromancy


You had 2 spell levels left.
You knew the following spells:

 Your Spells              Type           Power        Failure   Level  Hunger
a - Pain                  Necr           ##..         5%          1    ##.....
q - Vampiric Draining     Necr           ##........   16%         3    ####...
u - Animate Skeleton      Necr           N/A          5%          1    ##.....
x - Ensorcelled Hibernat  Hex/Ice        #.....       38%         2    ###....

Your spell library contained the following spells:

 Spells                   Type           Power        Failure   Level  Hunger
 Corona                   Hex            #......      26%         1    ##.....
 Regeneration             Chrm/Necr      #.........   34%         3    ####...
 Animate Dead             Necr           N/A          45%         4    #####..
 Confuse                  Hex            #.......     63%         3    ####...
 Dazzling Spray           Conj/Hex       #.....       63%         3    ####...
 Tukima's Dance           Hex            #.......     63%         3    ####...


Dungeon Overview and Level Annotations

Branches:
Dungeon (4/15)
 Temple: D:4-7

Altars:
Ashenzari
Cheibriados
Gozag
Makhleb
Ru
Sif Muna
Uskayaw


Innate Abilities, Weirdness & Mutations

Your body is rotting away.
You thrive on raw meat.
You are immune to poison.
You have sharp fingernails.
You are carnivorous and can eat meat at any time.
Your flesh is cold resistant. (rC+)
You are immune to negative energy. (rN+++)
You do not regenerate when monsters are visible.
You are immune to unholy pain and torment.
You can survive without breathing.


Message History

You start resting.
A scorpion comes into view.
A scorpion is nearby!
A hound comes into view.
A ball python comes into view.
Found 11 gold pieces.
Found a stone staircase leading up.
Found 7 gold pieces and a ring mail.
Your magical contamination has completely faded away.
Okay, then.
Found a scroll of remove curse.
The ball python hisses angrily.
An ogre comes into view. It is wielding a +0 giant club.
The hound bites you.
* * * LOW HITPOINT WARNING * * *
The ball python closely misses you. The ball python grabs you.
The ball python constricts you.
You escape the ball python's grasp.
The hound closely misses you. The hound bites you.
* * * LOW HITPOINT WARNING * * *
The scorpion closely misses you.
There is a stone staircase leading up here.
The hound bites you.
* * * LOW HITPOINT WARNING * * *
The scorpion stings you.
* * * LOW HITPOINT WARNING * * *
You climb upwards.
There is a stone staircase leading down here.
Unknown command.
The hound barely misses you. The hound closely misses you.
Unknown command.
The hound bites you but does no damage. The hound bites you.
* * * LOW HITPOINT WARNING * * *
The hound barely misses you.
You aren't carrying any items that you can evoke.
You feel better. The hound bites you.
* * * LOW HITPOINT WARNING * * *
Okay, then.
It was a potion of flight.
You feel very buoyant.
You fly up into the air.
The hound bites you.
* * * LOW HITPOINT WARNING * * *
The hound bites you.
* * * LOW HITPOINT WARNING * * *
It was a potion of degeneration.
There was something very wrong with that liquid.
You feel weakened.
You feel dopey.
You feel clumsy. The hound barely misses you.
It was a potion of haste.
You feel yourself speed up. The hound bites you.
You die...

#.......#.#####.#.##.#.#.##Z#
#......##...####.#Z##.#.##.#Z
###.#...###..####.#Z##.##.#.#
#.#...# ##..####.#Z###.#Z##
#.#...# ##.Z..##.#.#.#.###
#.##..# ##.Z####.#.#Z####
#..##.#######..####.#.####.
##.##..>##........##.##.#..
#Z####.s#@##......###..#.#
#.#####.#h##.......#....)#
#..Z# #..s##........<..#..
###Z# ##...###########.#..
#Z# ##...### #)#.. #)#
##..#...## #.≈≈# #Z#
#..####.)# #≈.≈≈ ##Z###.##
##.## ##.≈≈ #..Z....# #..##
####


You could see a scorpion and a hound.

Vanquished Creatures
  A crocodile (Sewer)
  A worker ant (D:4)
  3 adders (D:2)
  An ooze (D:1)
  A worm (D:3)
  9 leopard geckos
  7 orcs (D:3)
  12 bats
  3 giant cockroaches
  7 goblins
  4 hobgoblins
  3 jackals (D:1)
  7 kobolds
  A ball python (D:2)
  7 frilled lizards
  4 rats
71 creatures vanquished.

Vanquished Creatures (collateral kills)
  A worm (D:2)
  A bat (Sewer)
  A goblin (D:3)
  2 hobgoblins
  A kobold (D:2)
6 creatures vanquished.

Grand Total: 77 creatures vanquished

Notes
Turn   | Place    | Note
-------+----------+-------------------------------------------
     0 | D:1      | MalarOregon the Ghoul Necromancer began the quest for the
                  | Orb.
     0 | D:1      | Reached XP level 1. HP: 14/14 MP: 2/2
   231 | D:1      | Reached XP level 2. HP: 22/22 MP: 1/3
   407 | D:1      | Reached skill level 1 in Unarmed Combat
   821 | D:1      | Reached skill level 1 in Fighting
   821 | D:1      | Reached XP level 3. HP: 28/28 MP: 3/5
  1086 | D:2      | Learned a level 1 spell: Animate Skeleton
  1090 | D:2      | Learned a level 3 spell: Vampiric Draining
  1292 | D:2      | Reached XP level 4. HP: 35/35 MP: 1/6
  1378 | D:2      | Found a hide-covered altar of Uskayaw.
  1467 | D:2      | Found a deep blue altar of Sif Muna.
  1488 | D:2      | Found a shattered altar of Ashenzari.
  1493 | D:2      | Found a snail-covered altar of Cheibriados.
  1493 | D:2      | Found an opulent altar of Gozag.
  1506 | D:2      | Found a burning altar of Makhleb.
  1514 | D:2      | Became a worshipper of Makhleb the Destroyer
  1581 | D:2      | Noticed a phantom
  1949 | D:3      | Found a sacrificial altar of Ru.
  2092 | D:3      | Found a glowing drain.
  2124 | Sewer    | Entered a sewer
  2221 | Sewer    | Noticed a crocodile
  2276 | Sewer    | Killed a crocodile
  2276 | Sewer    | Reached XP level 5. HP: 8/40 MP: 0/7
  2798 | D:3      | Reached * piety under Makhleb
  3122 | D:2      | Learned a level 2 spell: Ensorcelled Hibernation
  3593 | D:4      | Reached XP level 6. HP: 13/48 MP: 1/8
  3624 | D:3      | Slain by a hound

Skill      XL: |  1  2  3  4 |
---------------+-------------+-----
Dodging        | 2 |  2.9
Unarmed Combat | 1 2 3 |  3.6
Spellcasting   | 2 |  2.0
Fighting       | 1 2 |  2.4
Stealth        | 3 |  3.6
Necromancy     | |  4.0

Action                   |  1- 3 |  4- 6 || total
-------------------------+-------+-------++-------
Melee: Unarmed           |    60 |   175 ||   235
       Punch             |       |     1 ||     1
 Cast: Pain              |    40 |    26 ||    66
       Animate Skeleton  |     7 |    13 ||    20
       Vampiric Draining |       |     6 ||     6
       Ensorcelled Hiber |       |     2 ||     2
  Use: Scroll            |     3 |     3 ||     6
       Potion            |       |     8 ||     8
 Stab: Distracted        |     1 |     3 ||     4
  Eat: Chunk             |     7 |    12 ||    19
Armor: Robe              |    20 |    44 ||    64
Dodge: Dodged            |    38 |   150 ||   188
